 Dungeon Crawl Stone Soup version 0.22-a0-757-gdba82d8 (webtiles) character file.

414095 opiumtea the Slayer (level 22, 0/219 (221) HPs)
             Began as a Minotaur Berserker on July 15, 2018.
             Was an Elder of Trog.
             Killed from afar by a shadow dragon (4 damage)
             ... with a bolt of negative energy
             ... on level 5 of the Vaults on July 16, 2018.
             The game lasted 06:07:39 (68313 turns).

opiumtea the Slayer (Minotaur Berserker)           Turns: 68313, Time: 06:07:41

HP:   0/219 (221)   AC: 31    Str: 36    XL:     22   Next: 52%
MP:   31/31         EV: 12    Int:  6    God:    Trog [****..]
Gold: 3742          SH:  0    Dex: 11    Spells: 21/21 levels left

rFire    + . .     SeeInvis .   a - +8 battleaxe "Immuirod" {freeze, MR++}
rCold    + . .     Gourm    .   (shield currently unavailable)
rNeg     . . .     Faith    +   N - +2 gold dragon scales
rPois    +         Spirit   .   (helmet restricted)
rElec    .         Reflect  .   D - scarf {cloud immunity}
rCorr    .         Harm     .   w - +3 pair of gauntlets of War {Slay+5}
MR       +++..                  i - +1 pair of boots {run}
Stlth    ..........             P - amulet of faith
HPRegen  0.46/turn              Z - +4 ring of slaying
MPRegen  0.22/turn              (no ring)

@: mighty, heavily drained, quick
A: retaliatory headbutt, horns 2, talons 1, rugged brown scales 1, clever 1
}: 2/15 runes: barnacled, gossamer
a: Berserk, Trog's Hand, Brothers in Arms, Renounce Religion


You were on level 5 of the Vaults.
You worshipped Trog.
Trog was greatly pleased with you.
You were not hungry.

You visited 7 branches of the dungeon, and saw 39 of its levels.
You visited 1 bazaar.
You also visited: Labyrinth and Volcano.

You collected 5279 gold pieces.
You spent 1537 gold pieces at shops.

Inventory:

Hand Weapons
 a - the +8 battleaxe "Immuirod" (weapon) {freeze, MR++}
   (Trog gifted it to you on level 6 of the Lair of Beasts)

   It has been specially enchanted to freeze those struck by it, causing extra
   injury to most foes and up to half again as much damage against particularly
   susceptible opponents.
   It can also slow down cold-blooded creatures.
   It affects your resistance to hostile enchantments.
 b - the +8 trident of the Octopus King {venom, rElec rPois MR+}
   (Trog gifted it to you on level 2 of the Orcish Mines)

   It poisons the flesh of those it strikes.
   It insulates you from electricity.
   It protects you from poison.
   It affects your resistance to hostile enchantments.
 p - a +9 antimagic executioner's axe
Missiles
 t - 29 javelins of penetration
 C - 39 silver javelins
 K - 23 javelins
 S - 33 javelins of returning (quivered)
 U - 9 steel javelins
Armour
 i - a +1 pair of boots of running (worn)
 w - the +3 pair of gauntlets of War (worn) {Slay+5}
   (You bought it in a shop on level 9 of the Dungeon)

   It affects your accuracy and damage with ranged weapons and melee attacks
   (+5).
 D - a scarf of cloud immunity (worn)
 I - +0 ice dragon scales
 N - +2 gold dragon scales (worn)
 V - a +1 plate armour of magic resistance
Jewellery
 o - the ring of Robustness {AC+8}
   (You took it off a deep elf blademaster on level 3 of the Elven Halls)

   [ring of protection]

   It affects your AC (+8).
 y - an uncursed ring of protection from cold
 E - a +5 amulet of reflection {unknown}
 H - an uncursed ring of poison resistance
 L - an uncursed ring of protection from fire
 M - an uncursed ring of see invisible
 P - an amulet of faith (around neck)
 Z - a +4 ring of slaying (left hand)
Wands
 g - a wand of enslavement (21)
 h - a wand of paralysis (125)
 l - a wand of disintegration (18)
 r - a wand of iceblast (20)
 A - a wand of scattershot (3)
 J - a wand of polymorph (32)
 R - a wand of acid (24)
 Y - a wand of digging (27)
Scrolls
 e - 2 scrolls of blinking
 k - 3 scrolls of remove curse
 q - 11 scrolls of teleportation
 x - a scroll of silence
 z - a scroll of magic mapping
 B - 9 scrolls of fear
 O - 3 scrolls of fog
Potions
 d - 9 potions of might
 f - 10 potions of agility
 n - 8 potions of curing
 Q - 2 potions of cancellation
 T - 4 potions of haste
 W - 3 potions of ambrosia
 X - 5 potions of resistance
Miscellaneous
 j - a lamp of fire
 m - a fan of gales
 s - 2 phantom mirrors
 u - a fan of gales
 v - a fan of gales
 F - a sack of spiders
Comestibles
 c - 42 rations


   Skills:
 + Level 21.9(19.5) Fighting
 - Level 18.8(17.5) Axes
 - Level 11.7(14.4) Polearms
 - Level 18.9(16.7) Throwing
 - Level 18.4(16.2) Armour
 - Level 12.6(10.7) Dodging
 - Level 14.5(12.5) Evocations


You had 21 spell levels left.
You didn't know any spells.
Your spell library was empty.

Dungeon Overview and Level Annotations

Branches:
Dungeon (15/15)            Temple (0/1) D:7            Lair (6/6) D:11
 Shoals (4/4) Lair:3       Spider (4/4) Lair:4        Slime (0/5) Lair:6
    Orc (2/2) D:12            Elf (3/3) Orc:2        Vaults (5/5) D:13
  Crypt (0/3) Vaults:3     Depths (0/5) D:15

Altars:
Ashenzari
Dithmenos
Elyvilon
Gozag
Kikubaaqudgha
Makhleb
Okawaru
Qazlal
Trog
Uskayaw
Yredelemnul
Jiyva

Shops:
D:4 }   D:9 [   D:14 [   Orc:1 *   Orc:2 :=(?*   Elf:3 %(*[?   Vaults:1 *

Portals:
Hell: Lair:6
Trove: Vaults:4 (show abyssal rune of Zot)

Annotations:
D:5 2 transporters
Shoals:2 Donald


Innate Abilities, Weirdness & Mutations

You reflexively headbutt those who attack you in melee.
You have a pair of horns on your head.
You have sharp toenails.
You are partially covered in rugged brown scales. (AC +1, +3% HP)
Your mind is acute. (Int +2)


Message History

The burst of metal fragments hits the shadow dragon. x8
The shadow dragon is heavily wounded.
The shadow dragon bites you.
* * * LOW HITPOINT WARNING * * *
The shadow dragon claws you but does no damage. x2
You fail to use your ability.
The shadow dragon bites you but does no damage.
The shadow dragon closely misses you. x2
Evoke which item? (* to show all) (? for menu, Esc to quit)
Aiming: Scattershot
Press: ? - help, Shift-Dir - straight line, f/p - shadow dragon
Aim: a shadow dragon (heavily wounded)
The burst of metal fragments hits the shadow dragon. x10
The shadow dragon is severely wounded.
The shadow dragon misses you. The shadow dragon claws you.
* * * LOW HITPOINT WARNING * * *
The shadow dragon barely misses you.
The shadow dragon breathes negative energy at you.
The bolt of negative energy hits you!
You feel drained.
You die...

########################
.......@.D.......)...D.†
.........[.).....(()(().
######################).
#... #..# #.....##
#..#Y## ## #. #.


You could see a shadow dragon.

Vanquished Creatures
  Mara (Elf:3)
  A lich (Vaults:3)
  3 deep elf blademasters (Elf:3)
  A titan (Vaults:5)
  2 deep elf master archers (Elf:3)
  Polyphemus (Shoals:3)
  Agnes (Spider:3)
  3 shadow dragons
  5 tengu reavers
  Ilsuiw (Shoals:2)
  6 ghost moths
  Roxanne (Spider:3)
  2 frost giants
  7 vault wardens
  7 emperor scorpions
  Aizul (Elf:3)
  An orc warlord (Vaults:3)
  5 deep elf sorcerers
  2 deep elf elementalists (Elf:3)
  18 ironheart preservers
  A curse skull (Vaults:3)
  4 stone giants
  A very ugly thing (Vaults:3)
  4 entropy weavers
  A minotaur (Lab)
  4 deep elf annihilators
  6 deep elf demonologists
  2 spark wasps (Spider:4)
  5 ettins
  7 merfolk javelineers
  6 fire dragons
  5 merfolk impalers
  5 deep elf death magi
  8 deep elf high priests
  7 yaktaur captains
  16 hydras
  An ice dragon (Vaults:4)
  2 rakshasas (D:15)
  40 vault guards
  Erolcha (D:9)
  3 great orbs of eyes
  A catoblepas (Shoals:3)
  A queen ant (Spider:2)
  5 centaur warriors
  5 satyrs
  3 merfolk avatars
  2 deep troll shamans (Vaults:3)
  3 merfolk aquamancers
  47 two-headed ogres
  An alligator snapping turtle (Shoals:4)
  14 ogre magi
  3 death knights (Vaults:4)
  27 dancing weapons
  3 death yaks (Shoals:3)
  Urug (D:11)
  A deep troll earth mage (Vaults:3)
  4 orc high priests (Orc:2)
  2 vampire magi (Vaults:3)
  16 deep elf knights
  Sonja (D:13)
  A small abomination (Elf:3)
  4 shadow wraiths
  A storm dragon skeleton (Vaults:3)
  A sixfirhy (Lair:6)
  A flayed ghost (Vaults:4)
  11 sea snakes
  3 unseen horrors
  4 deep trolls
  2 glowing orange brains (shapeshifter)
  16 orc knights
  A glowing orange brain (D:15)
  Pikel (D:4)
  18 deep elf archers
  A tengu zombie (Vaults:3)
  9 wizards
  15 ironbrand convokers
  16 orb spiders
  11 harpies
  4 orc sorcerers
  2 phantasmal warriors (Vaults:3)
  60 deep elf magi
  20 wolf spiders
  4 necromancers
  A sphinx skeleton (Vaults:3)
  4 cyclopes
  9 manticores
  3 salamanders (Volcano)
  26 fauns
  46 ugly things
  Joseph (D:8)
  18 elephants
  3 moths of wrath
  A moth of wrath (shapeshifter) (Vaults:5)
  A fire giant skeleton (Vaults:1)
  18 merfolk sirens
  A smoke demon (Lair:6)
  3 black mambas (Lair:6)
  4 torpor snails
  18 vault sentinels
  A spiny frog (shapeshifter) (D:14)
  3 water nymphs (Shoals:4)
  12 spiny frogs
  4 rime drakes (Lair:6)
  A rime drake (shapeshifter) (Vaults:4)
  4 freezing wraiths
  4 human zombies
  4 kobold demonologists (D:13)
  3 orange demons (Lair:6)
  A komodo dragon (shapeshifter) (Vaults:2)
  An ice devil (Lair:6)
  An efreet (D:13)
  7 komodo dragons
  13 demonic crawlers
  2 guardian mummies (Vaults:4)
  A yaktaur skeleton (Vaults:2)
  2 red devils (Lair:6)
  5 trolls
  26 yaktaurs
  The ghost of iamserjio the Chopper, an amateur NaBe of Trog (D:5)
  A human skeleton (Vaults:1)
  3 meliai (D:15)
  3 tengu conjurers (D:14)
  A meliai (shapeshifter) (Vaults:2)
  31 jumping spiders
  4 tyrant leeches (Spider:3)
  3 hornets
  2 human simulacra
  4 wind drakes
  9 slime creatures
  32 merfolk
  A slime creature (shapeshifter) (D:15)
  A polar bear (Lair:6)
  A stone giant simulacrum (Vaults:2)
  9 blink frogs
  7 dream sheep
  A hippogriff (shapeshifter) (Vaults:3)
  13 hippogriffs
  9 snapping turtles
  A shadow (D:15)
  8 water elementals
  A redback (shapeshifter) (Vaults:5)
  3 air elementals
  A spriggan (Lair:4)
  10 wyverns
  5 fire elementals
  2 hogs (D:7)
  A human (shapeshifter) (Vaults:1)
  8 fire bats (Volcano)
  70 redbacks
  17 tarantellas
  A human (D:7)
  41 yaks
  4 steam dragons (Volcano)
  Eustachio (D:4)
  3 wraiths
  3 basilisks
  4 wargs
  7 vampire mosquitoes
  3 soldier ants (Spider:2)
  A swamp worm (shapeshifter) (D:15)
  7 water moccasins
  3 acid dragons
  5 hell hounds
  17 porcupines
  3 black bears
  2 ice beasts (D:11)
  42 orc warriors
  3 phantoms
  2 necrophages
  5 sky beasts
  A wolf (Lair:6)
  An eye of draining (D:13)
  44 ogres
  8 boggarts
  An elf skeleton (Vaults:3)
  18 centaurs
  A tengu (shapeshifter) (Vaults:1)
  16 crocodiles
  8 big kobolds
  Blork the orc (D:5)
  2 gnoll sergeants
  19 bullfrogs
  8 earth elementals
  2 glowing shapeshifter simulacra
  A wyvern zombie (D:15)
  9 scorpions
  10 killer bees
  11 wights
  4 electric eels
  5 jellies
  A howler monkey (D:8)
  8 crimson imps
  A bullfrog zombie (D:13)
  A quasit (D:13)
  A bullfrog skeleton (D:11)
  37 orc priests
  5 centaur zombies
  7 hounds
  23 orc wizards
  Crazy Yiuf (D:6)
  A gnoll shaman (D:6)
  5 centaur skeletons
  2 iguanas
  36 worker ants
  A hound skeleton (D:10)
  A howler monkey zombie (D:8)
  13 gnolls
  11 adders
  4 worker ant zombies
  2 shadow imps
  An ooze (D:2)
  An ooze (shapeshifter) (D:15)
  An adder skeleton (D:7)
  2 adder zombies
  5 worms
  13 dart slugs
  4 leopard geckos
  104 orcs
  3 ball pythons
  5 giant cockroaches
  13 goblins
  5 hobgoblins
  15 jackals
  29 kobolds
  3 quokkas
  4 bats
  10 frilled lizards
  2 jackal skeletons
  A leopard gecko skeleton (D:6)
  10 rats
  5 plants
1783 creatures vanquished.

Vanquished Creatures (collateral kills)
  Bai Suzhen (Shoals:3)
  A golden dragon (Vaults:3)
  Arachne (Spider:3)
  Jorgrun (Elf:3)
  A nagaraja (Vaults:3)
  A deep elf sorcerer (Elf:3)
  An emperor scorpion (Spider:4)
  A vault warden (Vaults:1)
  A deep elf elementalist (Elf:3)
  2 entropy weavers
  Nessos (D:13)
  3 deep elf demonologists (Elf:3)
  A deep elf annihilator (Elf:3)
  4 merfolk javelineers
  A deep elf death mage (Elf:3)
  A deep elf high priest (Vaults:3)
  A vault guard (Vaults:1)
  2 merfolk aquamancers (Shoals:4)
  A deep elf knight (Elf:2)
  An orc high priest (Orc:2)
  A deep troll (Vaults:3)
  A sea snake (Shoals:4)
  4 deep elf archers
  3 orc knights (Orc:2)
  An ironbrand convoker (Vaults:3)
  An orb spider (Spider:3)
  A faun (Shoals:2)
  2 merfolk sirens (Shoals:2)
  A yaktaur (D:13)
  2 jumping spiders
  13 merfolk
  A slime creature (Vaults:1)
  A snapping turtle (Shoals:2)
  5 redbacks
  A tarantella (Spider:3)
  2 water elementals
  An orc warrior (Orc:2)
  A centaur (D:13)
  2 killer bees (D:13)
  2 orc priests (Orc:2)
  An orc (Orc:2)
74 creatures vanquished.

Vanquished Creatures (others)
  2 unseen horrors
  A wizard (D:15)
  Sigmund (D:4)
  A wyvern (Volcano)
  2 boggarts (Vaults:2)
  A centaur (Shoals:4)
  A wight (D:15)
  2 bushes (D:11)
  12 fungi
  20 plants
43 creatures vanquished.

Grand Total: 1900 creatures vanquished

Notes
Turn   | Place    | Note
-------+----------+-------------------------------------------
     0 | D:1      | opiumtea the Minotaur Berserker began the quest for the Orb.
     0 | D:1      | Reached XP level 1. HP: 19/19 MP: 0/0
    85 | D:1      | Reached skill level 4 in Fighting
   143 | D:1      | Reached XP level 2. HP: 21/28 MP: 1/1
   389 | D:1      | Reached ** piety under Trog
   430 | D:1      | Reached skill level 5 in Fighting
   440 | D:1      | Reached XP level 3. HP: 26/36 MP: 2/2
  1026 | D:2      | Found a basalt altar of Yredelemnul.
  1036 | D:2      | Reached skill level 6 in Fighting
  1036 | D:2      | Reached XP level 4. HP: 44/44 MP: 3/3
  1499 | D:2      | Found a faded altar of an unknown god.
  1499 | D:2      | Found a stormy altar of Qazlal.
  1570 | D:2      | Found an ancient bone altar of Kikubaaqudgha.
  1572 | D:2      | Found a faded altar of an unknown god.
  1582 | D:2      | Found a white marble altar of Elyvilon.
  1890 | D:3      | Reached skill level 7 in Fighting
  1890 | D:3      | Reached XP level 5. HP: 52/52 MP: 4/4
  2166 | D:3      | Reached skill level 5 in Axes
  2890 | D:4      | Reached XP level 6. HP: 60/60 MP: 5/5
  2911 | D:4      | Found a shadowy altar of Dithmenos.
  2968 | D:4      | Found Semoll's Gadget Emporium.
  3016 | D:4      | Noticed Sigmund
  3287 | D:4      | Noticed Pikel
  3287 | D:4      | Noticed a slave
  3330 | D:4      | Noticed a slave
  3333 | D:4      | Noticed a slave
  3335 | D:4      | Noticed a slave
  3337 | D:4      | Paralysed by Pikel for 3 turns
  3343 | D:4      | Killed Pikel
  3343 | D:4      | Reached XP level 7. HP: 66/66 MP: 6/6
  3509 | D:4      | Noticed Eustachio
  3515 | D:4      | Killed Eustachio
  3515 | D:4      | Reached *** piety under Trog
  3717 | D:4      | Killed Sigmund
  3891 | D:5      | Entered Level 5 of the Dungeon
  3905 | D:5      | Reached XP level 8. HP: 73/73 MP: 7/7
  3908 | D:5      | Reached skill level 5 in Armour
  3987 | D:5      | Noticed Blork the orc
  4011 | D:5      | Killed Blork the orc
  4413 | D:5      | Noticed iamserjio's ghost (amateur NaBe)
  4414 | D:5      | Found a transporter.
  4416 | D:5      | Found a transporter.
  4927 | D:4      | Found Semoll's Gadget Emporium.
  5092 | D:4      | Found a shadowy altar of Dithmenos.
  5607 | D:6      | Reached skill level 5 in Evocations
  5723 | D:6      | Reached XP level 9. HP: 79/79 MP: 11/11
  5838 | D:6      | Reached **** piety under Trog
  6275 | D:6      | Found a runed door.
  6279 | D:6      | Noticed Crazy Yiuf
  6283 | D:6      | Killed Crazy Yiuf
  6619 | D:7      | Found a hide-covered altar of Uskayaw.
  6674 | D:7      | Found a staircase to the Ecumenical Temple.
  6772 | D:7      | Found a stormy altar of Qazlal.
  7013 | D:7      | Reached skill level 8 in Fighting
  7027 | D:7      | Reached XP level 10. HP: 90/90 MP: 14/14
  7041 | D:7      | Reached skill level 9 in Fighting
  7338 | D:8      | Noticed Joseph
  7349 | D:8      | Killed Joseph
  7349 | D:8      | Reached skill level 10 in Fighting
  7706 | D:8      | Found an iron altar of Okawaru.
  7713 | D:8      | Reached ***** piety under Trog
  7804 | D:8      | Noticed a hell beast
  7805 | D:8      | Noticed an orange demon
  7805 | D:8      | Noticed an orange demon
  7806 | D:8      | Found a basalt altar of Yredelemnul.
  7807 | D:8      | Noticed a rust devil
  7927 | D:9      | Reached skill level 11 in Fighting
  8255 | D:9      | Noticed a two-headed ogre
  8263 | D:9      | Killed a two-headed ogre
  8264 | D:9      | Found Quvomioh's Armour Shoppe.
  8334 | D:9      | Noticed Erolcha
  8339 | D:9      | Killed Erolcha
  8339 | D:9      | Reached skill level 12 in Fighting
  8357 | D:9      | Got an ancient trident
  8390 | D:9      | Identified the +8 trident of Sloth {pierce, rF++} (You found it on level 9 of the Dungeon)
  8408 | D:9      | Received a gift from Trog
  8496 | D:9      | Noticed a two-headed ogre
  8507 | D:9      | Killed a two-headed ogre
  8507 | D:9      | Reached skill level 13 in Fighting
  8576 | D:10     | Entered Level 10 of the Dungeon
  8576 | D:10     | Noticed a two-headed ogre
  8583 | D:10     | Killed a two-headed ogre
  8583 | D:10     | Reached XP level 11. HP: 96/107 MP: 15/15
  8709 | D:10     | Received a gift from Trog
  8978 | D:10     | Reached skill level 14 in Fighting
  9184 | D:10     | Reached skill level 1 in Throwing
  9366 | D:10     | Got a scorched leather armour
  9377 | D:10     | Identified the +0 leather armour "Wiwn" {rN+ Dex+4} (You found it on level 10 of the Dungeon)
  9621 | D:11     | Reached skill level 10 in Axes
  9718 | D:11     | Noticed a deep elf mage
  9736 | D:11     | Killed a deep elf mage
  9842 | D:11     | Reached skill level 5 in Throwing
  9842 | D:11     | Noticed Urug
 10155 | D:12     | Found a staircase to the Orcish Mines.
 10405 | D:12     | Noticed a purple ugly thing
 10411 | D:12     | Killed a purple ugly thing
 10460 | D:12     | Noticed a two-headed ogre
 10467 | D:12     | Killed a two-headed ogre
 10744 | D:13     | Reached XP level 12. HP: 109/116 MP: 16/16
 10761 | D:13     | Noticed a centaur warrior
 10775 | D:13     | Killed a centaur warrior
 10783 | D:13     | Found a shadowy altar of Dithmenos.
 10843 | D:13     | Noticed Sonja
 10853 | D:12     | Received a gift from Trog
 11383 | D:11     | Killed Urug
 11604 | D:11     | Found a staircase to the Lair.
 11820 | D:9      | Bought the +3 pair of gauntlets of War {Slay+5} for 617 gold pieces
 11820 | D:9      | Found the +3 pair of gauntlets of War {Slay+5}
 11915 | D:11     | Noticed a six-headed hydra
 11922 | D:11     | Killed a six-headed hydra
 11922 | D:11     | Reached skill level 5 in Polearms
 12192 | Lair:1   | Entered Level 1 of the Lair of Beasts
 12286 | Lair:1   | Noticed an eight-headed hydra
 12294 | Lair:1   | Killed a six-headed hydra
 12413 | Lair:1   | Noticed a five-headed hydra
 12424 | Lair:1   | Killed a one-headed hydra
 12440 | Lair:1   | Noticed a seven-headed hydra
 12455 | Lair:1   | Killed a one-headed hydra
 13330 | Lair:2   | Reached skill level 10 in Polearms
 13949 | Lair:3   | Noticed a seven-headed hydra
 13971 | Lair:2   | Killed a four-headed hydra
 14178 | Lair:3   | Reached XP level 13. HP: 121/124 MP: 17/17
 14322 | Lair:3   | Gained mutation: Your mind is acute. (Int +2) [potion of mutation]
 14322 | Lair:3   | Gained mutation: You are partially covered in rugged brown scales. (AC +1, +3% HP) [potion of mutation]
 14322 | Lair:3   | Gained mutation: You are surrounded by a mild repulsion field. (EV +2) [potion of mutation]
 14540 | Lair:3   | Found an iron altar of Okawaru.
 14695 | Lair:3   | Received a gift from Trog
 14848 | Lair:3   | Found a staircase to the Shoals.
 15654 | Lair:4   | Found a shattered altar of Ashenzari.
 15726 | Lair:4   | Received a gift from Trog
 15860 | Lair:4   | Found a hole to the Spider Nest.
 16366 | Lair:5   | Found a labyrinth entrance.
 16406 | Lab      | Entered a labyrinth
 16902 | Lab      | Noticed a minotaur
 16925 | Lab      | Killed a minotaur
 17718 | Lair:6   | Entered Level 6 of the Lair of Beasts
 17738 | Lair:6   | Reached skill level 10 in Evocations
 17982 | Lair:6   | Found a staircase to the Slime Pits.
 17983 | Lair:6   | Found a viscous altar of Jiyva.
 18020 | Lair:6   | Reached skill level 10 in Armour
 18068 | Lair:6   | Received a gift from Trog
 18346 | Lair:6   | Reached XP level 14. HP: 56/135 MP: 20/20
 18708 | Lair:6   | Found a shadowy altar of Dithmenos.
 19316 | Lair:6   | Found a burning altar of Makhleb.
 19338 | Lair:6   | Reached skill level 10 in Throwing
 19368 | Lair:6   | Received a gift from Trog
 19369 | Lair:6   | Got a smoking battleaxe {god gift}
 19636 | Lair:6   | Identified the +8 battleaxe "Immuirod" {freeze, MR++} (Trog gifted it to you on level 6 of the Lair of Beasts)
 19639 | Lair:6   | Found a gateway to Hell.
 19887 | Lair:6   | Reached ****** piety under Trog
 20458 | D:5      | Found a transporter.
 20459 | D:5      | Found a transporter.
 20474 | D:5      | Killed iamserjio's ghost
 20831 | D:13     | Killed Sonja
 20986 | D:13     | Got a sparkling tin ring
 20988 | D:13     | Identified the ring of Akytoru {Wiz Int+3} (You found it on level 13 of the Dungeon)
 21102 | D:13     | Reached skill level 5 in Dodging
 21973 | D:13     | Identified Yschiwafi's Reference Book on the Blaze
 22130 | D:13     | Received a gift from Trog
 22431 | D:13     | Found a gate to the Vaults.
 22474 | D:13     | Noticed Nessos
 22484 | D:13     | Received a gift from Trog
 22509 | D:13     | Killed Nessos
 23143 | Spider:1 | Entered Level 1 of the Spider Nest
 23266 | Spider:1 | Reached XP level 15. HP: 75/142 MP: 21/21
 23596 | Spider:1 | Killed a ghost moth
 23596 | Spider:1 | Reached skill level 10 in Dodging
 24349 | Orc:1    | Entered Level 1 of the Orcish Mines
 24445 | Orc:1    | Found a dark tunnel.
 24456 | Volcano  | Entered a volcano
 24505 | Volcano  | Received a gift from Trog
 24936 | Orc:1    | Found Ahuolam's General Store.
 25051 | Orc:2    | Entered Level 2 of the Orcish Mines
 25137 | Orc:2    | Found Taselufa's Book Boutique.
 25261 | Orc:2    | Found a staircase to the Elven Halls.
 25718 | Orc:1    | Received a gift from Trog
 26207 | Orc:2    | Received a gift from Trog
 27148 | Orc:2    | Reached skill level 15 in Fighting
 27163 | Orc:2    | Received a gift from Trog
 27164 | Orc:2    | Found the +8 trident of the Octopus King {venom, rElec rPois MR+}
 27488 | Orc:2    | Found Titod's General Store.
 27491 | Orc:2    | Found Pucvyfes's Weapon Boutique.
 27492 | Orc:2    | Found Den Poff's Jewellery Shop.
 27493 | Orc:2    | Found Bethao's Magic Scroll Shop.
 27506 | Orc:2    | Bought an uncursed ring of see invisible for 240 gold pieces
 27509 | Orc:2    | Bought a scroll of enchant armour for 120 gold pieces
 27509 | Orc:2    | Bought a scroll of teleportation for 48 gold pieces
 28672 | Spider:2 | Received a gift from Trog
 29325 | Spider:3 | Noticed Agnes
 29333 | Spider:3 | Killed Agnes
 29584 | Spider:3 | Noticed Roxanne
 29881 | Spider:3 | Reached XP level 16. HP: 146/153 MP: 24/24
 30094 | Spider:3 | Received a gift from Trog
 30148 | Spider:3 | Noticed Arachne
 30159 | Spider:3 | Killed Arachne
 30515 | Spider:3 | Killed Roxanne
 30516 | Spider:3 | Identified Roxanne's Collected Works on Changing (You took it off Roxanne on level 3 of the Spider Nest)
 31737 | Shoals:1 | Entered Level 1 of the Shoals
 31971 | Shoals:1 | Received a gift from Trog
 32072 | Shoals:1 | Received a gift from Trog
 32517 | Shoals:1 | Got a warped chain mail
 32528 | Shoals:1 | Identified the +1 chain mail of the Rabble {rElec rN++ rCorr Dex-3} (You found it on level 1 of the Shoals)
 34745 | D:14     | Received a gift from Trog
 35145 | D:14     | Found Dal Tir's Armour Shoppe.
 35272 | D:15     | Entered Level 15 of the Dungeon
 35289 | D:15     | Received a gift from Trog
 35752 | D:15     | Received a gift from Trog
 35753 | D:15     | Got a crystal glaive {god gift}
 35754 | D:15     | Identified the +2 glaive "Tiegan" {chaos, *Drain rN+ Dex+10} (Trog gifted it to you on level 15 of the Dungeon)
 35838 | D:15     | Found a staircase to the Depths.
 35877 | D:15     | Found a bloodstained altar of Trog.
 35949 | D:15     | Reached XP level 17. HP: 145/160 MP: 26/26
 36302 | D:15     | Found an opulent altar of Gozag.
 36896 | Shoals:2 | Reached skill level 15 in Armour
 36900 | Shoals:2 | Noticed Ilsuiw
 36904 | Shoals:2 | Received a gift from Trog
 37250 | Spider:4 | Entered Level 4 of the Spider Nest
 38849 | Spider:4 | Received a gift from Trog
 40466 | Spider:4 | Received a gift from Trog
 40508 | Spider:4 | Gained mutation: Your body sometimes deteriorates upon taking damage. [mutagenic glow]
 40554 | Spider:4 | Gained mutation: Scrolls take you a little longer to read. [mutagenic glow]
 40582 | Spider:4 | Identified a scroll of acquirement
 40595 | Spider:4 | Identified a +1 pair of boots of running (You acquired it on level 4 of the Spider Nest)
 40607 | Spider:4 | Identified the +3 leather armour "Cobopad" {rF+ Str+3} (You found it on level 4 of the Spider Nest)
 41802 | Spider:4 | Got a gossamer rune of Zot
 42736 | Shoals:2 | Received a gift from Trog
 42737 | Shoals:2 | Found the +7 longbow "Piercer" {penet, EV-2}
 42976 | Shoals:2 | Killed Ilsuiw
 43556 | Shoals:3 | Noticed Bai Suzhen
 43593 | Shoals:3 | Killed Bai Suzhen
 43593 | Shoals:3 | Reached XP level 18. HP: 135/167 MP: 9/27
 44331 | Shoals:3 | Received a gift from Trog
 44531 | Shoals:3 | Noticed Polyphemus
 44541 | Shoals:3 | Killed Polyphemus
 44795 | Shoals:2 | Noticed Donald
 45120 | Shoals:4 | Entered Level 4 of the Shoals
 45578 | Shoals:4 | Received a gift from Trog
 46874 | Shoals:4 | HP: 6/167 [merfolk javelineer/steel javelin (9)]
 46894 | Shoals:4 | Received a gift from Trog
 47344 | Shoals:4 | Got a barnacled rune of Zot
 47770 | Elf:1    | Entered Level 1 of the Elven Halls
 48081 | Elf:1    | Found a flickering gateway to a bazaar.
 48117 | Bazaar   | Entered a bazaar
 48191 | Bazaar   | Found Piocusuj's Antique Weapon Shoppe.
 48202 | Bazaar   | Found Wiqeusom's Antique Weapon Emporium.
 48218 | Bazaar   | Found Gitraz's Antique Armour Emporium.
 48229 | Bazaar   | Found Binlius's Antique Armour Shoppe.
 49037 | Elf:1    | Reached skill level 15 in Throwing
 49156 | Elf:1    | Received a gift from Trog
 49338 | Elf:1    | Received a gift from Trog
 50412 | Elf:2    | Received a gift from Trog
 50529 | Elf:2    | Reached XP level 19. HP: 157/175 MP: 28/28
 50712 | Elf:2    | Found a runed gate.
 50712 | Elf:2    | Found a runed gate.
 50712 | Elf:2    | Found a runed gate.
 51202 | Elf:2    | Received a gift from Trog
 52606 | Elf:3    | Entered Level 3 of the Elven Halls
 52870 | Elf:3    | Noticed Jorgrun
 52877 | Elf:3    | Killed Jorgrun
 52942 | Elf:3    | Found Afuahin's Food Boutique.
 53143 | Elf:3    | Noticed Mara
 53151 | Elf:3    | Noticed opiumtea's illusion
 53392 | Vaults:1 | Entered Level 1 of the Vaults
 54093 | Vaults:1 | Received a gift from Trog
 54279 | Vaults:1 | Received a gift from Trog
 55009 | Vaults:1 | Found Wueseki's Assorted Antiques.
 55016 | Vaults:1 | Bought a diamond ring for 170 gold pieces
 55016 | Vaults:1 | Bought a scroll of teleportation for 102 gold pieces
 55326 | Vaults:1 | Received a gift from Trog
 56016 | Vaults:2 | Received a gift from Trog
 56535 | Vaults:2 | Reached XP level 20. HP: 173/184 MP: 29/29
 56800 | Vaults:2 | Received a gift from Trog
 56963 | Vaults:2 | Received a gift from Trog
 58007 | Vaults:2 | Received a gift from Trog
 58108 | Vaults:2 | Reached skill level 15 in Axes
 58702 | Vaults:3 | Received a gift from Trog
 58718 | Vaults:3 | Upgraded the game from 0.22-a0-750-ga7dcef7 to 0.22-a0-757-gdba82d8
 59061 | Vaults:3 | Received a gift from Trog
 59293 | Vaults:3 | Received a gift from Trog
 59337 | Vaults:3 | Found a staircase to the Crypt.
 59906 | Vaults:3 | Received a gift from Trog
 59990 | Vaults:3 | Noticed a golden dragon
 60017 | Vaults:3 | Killed a golden dragon
 60204 | Vaults:3 | Reached XP level 21. HP: 141/190 MP: 30/30
 60455 | Vaults:3 | Got a pair of steaming boots
 60461 | Vaults:3 | Identified the cursed -1 pair of boots of Kacem {Str+2} (You found it on level 3 of the Vaults)
 61269 | Vaults:4 | Received a gift from Trog
 61277 | Vaults:4 | Reached skill level 16 in Fighting
 61637 | Vaults:4 | Received a gift from Trog
 61807 | Vaults:4 | Reached skill level 17 in Fighting
 61915 | Vaults:4 | Received a gift from Trog
 62015 | Vaults:4 | Received a gift from Trog
 62133 | Vaults:4 | Reached skill level 18 in Fighting
 62157 | Vaults:4 | Found a portal to a secret trove of treasure.
 62257 | Vaults:4 | Received a gift from Trog
 63701 | Elf:3    | Found Xixiceac's Armour Emporium.
 63701 | Elf:3    | Found Irghiw Tino's Antique Weapon Shop.
 63724 | Elf:3    | Noticed Aizul
 63746 | Elf:3    | Killed Aizul
 64031 | Elf:3    | Found Iseufem's General Store.
 64082 | Elf:3    | Found Fuefet's Magic Scroll Shop.
 64104 | Elf:3    | Bought a scroll of blinking for 120 gold pieces
 64104 | Elf:3    | Bought a scroll of enchant armour for 120 gold pieces
 64222 | Elf:3    | Received a gift from Trog
 64222 | Elf:3    | Reached skill level 19 in Fighting
 64341 | Elf:3    | Received a gift from Trog
 64393 | Elf:3    | Reached XP level 22. HP: 13/211 MP: 18/31
 65071 | Elf:3    | Reached skill level 20 in Fighting
 65767 | Elf:3    | Got a coiled lapis lazuli ring
 66083 | Elf:3    | Identified the ring of Fitoal {+Inv rPois MR- Dex+4} (You took it off a deep elf high priest on level 3 of the Elven Halls)
 66148 | Elf:3    | Killed Mara
 66683 | Elf:3    | Identified the Grimoire of Venom
 66698 | Elf:3    | Identified the Grimoire of the Rocks
 66708 | Elf:3    | Identified Posid's Compendium of Darkness and Enhancements
 67212 | Vaults:5 | Entered Level 5 of the Vaults
 67257 | Vaults:5 | Noticed a golden dragon
 67259 | Vaults:5 | Reached skill level 21 in Fighting
 67260 | Vaults:5 | Received a gift from Trog
 67626 | Vaults:4 | Received a gift from Trog
 68004 | Vaults:1 | Lost mutation: Your body sometimes deteriorates upon taking damage. [potion of mutation]
 68004 | Vaults:1 | Lost mutation: Scrolls take you a little longer to read. [potion of mutation]
 68004 | Vaults:1 | Lost mutation: You are surrounded by a mild repulsion field. (EV +2) [potion of mutation]
 68004 | Vaults:1 | Gained mutation: You have sharp toenails. [potion of mutation]
 68265 | Vaults:5 | Received a gift from Trog
 68295 | Vaults:5 | HP: 9/219 [shadow dragon/bolt of negative energy (40)]
 68301 | Vaults:5 | HP: 7/219 [shadow dragon/bolt of negative energy (5)]
 68310 | Vaults:5 | HP: 6/219 [shadow dragon (5)]
 68313 | Vaults:5 | Killed from afar by a shadow dragon

Vault maps used:
D:1:      eino_arrival_cavern_d, minmay_liquid_box
D:2:      chequers_temple_overflow_minitemple, first_ration, minmay_door_square,
          yredelemnul_altar_generic
D:3:      kennysheep_slugbush
D:4:      marbit_many_paths, serial_shops, shop, uniq_sigmund, uniq_eustachio,
          uniq_pikel
D:5:      gammafunk_ghost_smash, minivault_24, uniq_blork_the_orc
D:6:      lemuel_ice_spiral_2, uniq_crazy_yiuf_cottage
D:7:      eat_drink_and_be_merry_uskayaw, temple_fountains, grunt_livestock,
          nicolae_qazlal_style_of_elements
D:8:      okawaru_altar_gauntlet_db, lemuel_hellish_altar, uniq_joseph
D:9:      serial_shops, nicolae_shop_waterfront, uniq_erolcha
D:10:     minmay_crystal_room
D:11:     minmay_lair_entry_grove, uniq_urug
D:12:     david_orc_2
D:13:     cheibrodos_lost_city_excavation,
          hangedman_vaults_entry_quadrant_bands, serial_glass, glass_columns_a,
          glass_columns_c, grunt_dithmenos_smoke, uniq_sonja, uniq_nessos
D:14:     minmay_misc_feat_chi, serial_shops, kennysheep_little_box
D:15:     gammafunk_enter_depths_forms, nicolae_gozag_seed_capital, trog_wizard
Lair:2:   serial_bayou_pond_d, beast_lair_carwin_11, grunt_megastairs_4
Lair:3:   minmay_shoals_entry_lonely_mermaid, lemuel_centaur_altar
Lair:4:   nicolae_spider_entry_non_spiders, basic_altar,
          grunt_forest_large_clearing_hut
Lair:5:   lab_entry_generic, grunt_megastairs_5
Lair:6:   evil_forest, slime_altar_1, basic_altar, serial_forest,
          infiniplex_forest_end_2, infiniplex_forest_straight_2,
          infiniplex_forest_corner_1, infiniplex_forest_clump_cross,
          infiniplex_forest_zigzag_1, infiniplex_forest_end_3,
          infiniplex_forest_lined_room_3, infiniplex_forest_clump_small,
          hangedman_lair_generics_rect
Shoals:1: nicolae_shoals_circle_sea_wall
Shoals:2: cheibrodos_shoals_satyrical_garden, nicolae_shoals_flooded_hall,
          uniq_ilsuiw, uniq_donald
Shoals:3: nicolae_shoals_loop_pool, uniq_polyphemus, uniq_bai_suzhen
Shoals:4: shoals_end_simple
Spider:1: spider_trap
Spider:2: minmay_another_anthill
Spider:3: hangedman_stitches_earthworm, uniq_arachne, uniq_agnes, uniq_roxanne
Spider:4: grunt_spider_rune_circles
Orc:1:    serial_shops, shop_statue, enter_volcano_3
Orc:2:    st_orc_pillars, serial_shops, nicolae_shop_behind_doors
Elf:1:    eino_elf_arrival_customs, serial_shops, bzr_entry_water,
          evilmike_minifort, nicolae_elf_v_pinch, st_stairs_3
Elf:3:    minmay_elf_hall_not_hex, serial_shops, shop, nicolae_shop_stone, shop,
          shop_statue, shop_fountains, st_stairs_1, uniq_aizul, uniq_mara,
          uniq_jorgrun
Vaults:1: vaults_room_pool, ontoclasm_vaults_eye, nicolae_vaults_alarming,
          nicolae_vaults_network_s, vaults_mumra_lcd,
          vaults_room_stairs_pillars, hangedman_vaults_nails,
          vaults_mumra_chevron, st_spiral_rooms, vaults_room_fancy_cross,
          ontoclasm_vaults_chip, hangedman_vaults_corner_blocks,
          vaults_dpeg_encased_lava, vaults_room_fancy_cross,
          vaults_room_stairs_pillars, serial_shops, shop
Vaults:2: vaults_room_ringed_pool, hangedman_vaults_capsules, v_misc_9,
          v_rooms_6, v_misc_24, vaults_dpeg_doors, v_rooms_1,
          nicolae_vaults_rhombus_6, vaults_mumra_hex, vaults_room_pool,
          v_alt_pattern_6
Vaults:3: st_greater_box_2, hangedman_vaults_snaps,
          nicolae_vaults_little_squares_3, vaults_room_hallway,
          vaults_room_door_ring, v_misc_8, nicolae_vaults_little_squares_2,
          nicolae_vaults_asterisk, minmay_crypt_entry_simple_statues
Vaults:4: vaults_room_fours, hangedman_vaults_stagger,
          nicolae_vaults_display_case, hangedman_vaults_nodes, v_misc_18,
          nicolae_vaults_little_squares_1, nicolae_vaults_little_squares_1,
          ontoclasm_vaults_loading_screen, v_misc_24, hangedman_vaults_trim,
          nicolae_vaults_network_star, nicolae_vaults_diagonal_hallway_6,
          nicolae_vaults_asterisk, vaults_room_stairs_pillars,
          nicolae_trove_entry_path_of_doom
Lab:      nicolae_lab_dead_adventurers
Bazaar:   bazaar_minmay_armour_weapon
Volcano:  pf_volcano_lost_world

Skill      XL: |  1  2  3  4  5  6  7  8  9 10 11 12 13 14 15 16 17 18 19 20 21 22 |
---------------+-------------------------------------------------------------------+-----
Fighting       | 4 5 6 7 8 13 14 15 19 21 | 21.9
Axes           | 5 9 11 12 18 | 18.8
Armour         | 4 6 9 12 14 18 | 18.4
Evocations     | 5 7 10 12 14 | 14.5
Throwing       | 7 8 11 15 18 | 18.9
Polearms       | 11 | 11.7
Dodging        | 9 11 12 | 12.6

Action                   |  1- 3 |  4- 6 |  7- 9 | 10-12 | 13-15 | 16-18 | 19-21 | 22-24 || total
-------------------------+-------+-------+-------+-------+-------+-------+-------+-------++-------
Melee: Hand axe          |    67 |   144 |   343 |    19 |    70 |       |       |       ||   643
       Headbutt          |    10 |    18 |    67 |   116 |   225 |   191 |   200 |    29 ||   856
       War axe           |       |       |    20 |   380 |       |       |       |       ||   400
       Trident           |       |       |       |   145 |   574 |   349 |     3 |       ||  1071
       Battleaxe         |       |       |       |       |   471 |   514 |   760 |   129 ||  1874
       Great mace        |       |       |       |       |     8 |       |       |       ||     8
       Executioner's axe |       |       |       |       |       |   100 |     1 |       ||   101
       Halberd           |       |       |       |       |       |    14 |       |     5 ||    19
Throw: Tomahawk          |     3 |     3 |       |     1 |    23 |    24 |     4 |       ||    58
       Javelin           |       |       |       |       |     5 |   312 |   510 |       ||   827
Invok: Trog's Hand       |       |     1 |     1 |     6 |     4 |       |       |       ||    12
       Berserk           |       |     1 |     2 |     4 |       |     2 |       |       ||     9
       Brothers in Arms  |       |       |       |     1 |     7 |    15 |    12 |    10 ||    45
Evoke: Wand              |       |       |       |    16 |     7 |    19 |     4 |    10 ||    56
  Use: Scroll            |     6 |     7 |     5 |    14 |    18 |    19 |     6 |     8 ||    83
       Potion            |       |       |       |     3 |     4 |    13 |       |     5 ||    25
 Stab: Distracted        |       |       |       |       |       |     4 |     3 |       ||     7
       Paralysed         |       |       |       |       |       |     7 |       |       ||     7
  Eat: Chunk             |       |     8 |     8 |    28 |    50 |    45 |    46 |     6 ||   191
       Ration            |       |       |     4 |       |     1 |     8 |       |     3 ||    16
Armor: Animal skin       |     4 |       |       |       |       |       |       |       ||     4
       Leather armour    |     9 |     9 |       |       |       |       |       |       ||    18
       Ring mail         |       |    29 |   128 |    37 |       |       |       |       ||   194
       Plate armour      |       |       |       |   346 |   653 |   207 |   252 |       ||  1458
       Chain mail        |       |       |       |       |       |   468 |       |       ||   468
       Storm dragon scal |       |       |       |       |       |   155 |       |       ||   155
       Gold dragon scale |       |       |       |       |       |       |   118 |   121 ||   239
Dodge: Dodged            |    40 |    86 |   141 |   231 |   613 |   889 |   387 |    88 ||  2475

Table legend:
 A = Spawn XP
 B = Non-spawn XP
 C = Spawn XP percentage of total XP
 D = Spawn monster count
 E = Non-spawn monster count
 F = Spawn count percentage of total count
 G = Total turns spent on level
                    A         B        C        D         E        F      G
               +---------+---------+-------+---------+---------+-------+---------
         Total |       0 |  777739 |   0.0 |       0 |    1856 |   0.0 | 68313
               +---------+---------+-------+---------+---------+-------+---------
           D:1 |       0 |      48 |   0.0 |       0 |      30 |   0.0 |   857
           D:2 |       0 |     126 |   0.0 |       0 |      25 |   0.0 |   995
           D:3 |       0 |     213 |   0.0 |       0 |      32 |   0.0 |  1310
           D:4 |       0 |    1007 |   0.0 |       0 |       7 |   0.0 |  1166
           D:5 |       0 |    1818 |   0.0 |       0 |      32 |   0.0 |  1368
           D:6 |       0 |     575 |   0.0 |       0 |      33 |   0.0 |   922
           D:7 |       0 |    2903 |   0.0 |       0 |      39 |   0.0 |   862
           D:8 |       0 |    1550 |   0.0 |       0 |      25 |   0.0 |   895
           D:9 |       0 |    3155 |   0.0 |       0 |      11 |   0.0 |   705
          D:10 |       0 |    2935 |   0.0 |       0 |      26 |   0.0 |   914
          D:11 |       0 |    8081 |   0.0 |       0 |      52 |   0.0 |  1693
          D:12 |       0 |    3402 |   0.0 |       0 |      32 |   0.0 |  2776
          D:13 |       0 |   23448 |   0.0 |       0 |      87 |   0.0 |  1984
          D:14 |       0 |    7909 |   0.0 |       0 |      29 |   0.0 |  1541
          D:15 |       0 |   21053 |   0.0 |       0 |      49 |   0.0 |   932
        Lair:1 |       0 |    5289 |   0.0 |       0 |      17 |   0.0 |  1088
        Lair:2 |       0 |    3871 |   0.0 |       0 |      18 |   0.0 |  1035
        Lair:3 |       0 |    3013 |   0.0 |       0 |      14 |   0.0 |  1152
        Lair:4 |       0 |    6189 |   0.0 |       0 |      26 |   0.0 |  1468
        Lair:5 |       0 |    2729 |   0.0 |       0 |       9 |   0.0 |   742
        Lair:6 |       0 |   32171 |   0.0 |       0 |      81 |   0.0 |  2523
      Shoals:1 |       0 |   17521 |   0.0 |       0 |      40 |   0.0 |  2472
      Shoals:2 |       0 |   20670 |   0.0 |       0 |      42 |   0.0 |  1298
      Shoals:3 |       0 |   27914 |   0.0 |       0 |      46 |   0.0 |  1706
      Shoals:4 |       0 |   32239 |   0.0 |       0 |      61 |   0.0 |  2224
      Spider:1 |       0 |    5985 |   0.0 |       0 |      16 |   0.0 |  1303
      Spider:2 |       0 |   10763 |   0.0 |       0 |      51 |   0.0 |  1323
      Spider:3 |       0 |   29114 |   0.0 |       0 |      82 |   0.0 |  4719
      Spider:4 |       0 |   46686 |   0.0 |       0 |      87 |   0.0 |  2609
         Orc:1 |       0 |    3914 |   0.0 |       0 |      31 |   0.0 |  1239
         Orc:2 |       0 |   11930 |   0.0 |       0 |      94 |   0.0 |  2354
         Elf:1 |       0 |   22204 |   0.0 |       0 |      40 |   0.0 |  2483
         Elf:2 |       0 |   34706 |   0.0 |       0 |      50 |   0.0 |  1978
         Elf:3 |       0 |   64659 |   0.0 |       0 |      59 |   0.0 |  3316
      Vaults:1 |       0 |   58013 |   0.0 |       0 |      92 |   0.0 |  2981
      Vaults:2 |       0 |   54010 |   0.0 |       0 |     111 |   0.0 |  2590
      Vaults:3 |       0 |   85205 |   0.0 |       0 |     108 |   0.0 |  3017
      Vaults:4 |       0 |   91047 |   0.0 |       0 |     124 |   0.0 |  2415
      Vaults:5 |       0 |   21386 |   0.0 |       0 |      21 |   0.0 |   181
           Lab |       0 |    1008 |   0.0 |       0 |       1 |   0.0 |   573
       Volcano |       0 |    7280 |   0.0 |       0 |      26 |   0.0 |   429
               +---------+---------+-------+---------+---------+-------+---------
